 Dungeon Crawl Stone Soup version 0.24-a0-312-g16217b4a02 (webtiles) character file.

Game seed: 9717475776711044150

935 HAL9000 the Slicer (level 8, 0/38 HPs)
             Began as a Vine Stalker Assassin on May 15, 2019.
             Was an Initiate of Dithmenos.
             Killed by divine providence
             ... invoked by an orc priest
              (12 damage)
             ... on level 6 of the Dungeon.
             The game lasted 00:10:24 (5771 turns).

HAL9000 the Slicer (Vine Stalker Assassin)          Turns: 5771, Time: 00:10:24

Health: 0/38       AC:  4    Str: 15    XL:     8   Next: 11%
Magic:  0/9        EV: 11    Int: 11    God:    Dithmenos [......]
Gold:   356        SH:  0    Dex: 17    Spells: 7/7 levels left

rFire    . . .     SeeInvis .   a - +3 dagger
rCold    . . .     Gourm    +   (no shield)
rNeg     . . .     Faith    .   A - +0 leather armour
rPois    .         Spirit   +   (no helmet)
rElec    .         Reflect  .   c - +0 cloak
rCorr    .         Harm     .   (no gloves)
MR       +....                  (no boots)
Stlth    +++.......             b - amulet of the gourmand
HPRegen  0.52/turn              (no ring)
MPRegen  0.11/turn              (no ring)

@: no status effects
A: fangs 3, regeneration 1, magic shield, antimagic bite, no potion heal 3, rot
immunity
a: Renounce Religion


You were on level 6 of the Dungeon.
You worshipped Dithmenos.
Dithmenos was noncommittal.
You were full.

You visited 2 branches of the dungeon, and saw 7 of its levels.

You collected 356 gold pieces.

Inventory:

Hand Weapons
 a - a +3 dagger (weapon)
Missiles
 d - 19 poisoned darts
 r - a curare-tipped dart (quivered)
Armour
 c - a +0 cloak (worn)
 m - a +2 large shield
 A - a +0 leather armour (worn)
Jewellery
 b - an amulet of the gourmand (around neck)
Wands
 e - a wand of iceblast (7)
 v - a wand of flame (8)
 w - a wand of paralysis (12)
Scrolls
 h - 2 scrolls of enchant armour {unknown}
 k - 2 scrolls of teleportation
 l - 2 scrolls of enchant weapon
 y - a scroll of random uselessness {unknown}
 z - a scroll of noise {unknown}
Potions
 g - a potion of resistance
 i - 5 potions of curing
 j - 3 potions of degeneration {unknown}
 n - 2 potions of cancellation
 o - a potion of haste
 p - a potion of lignification
 q - a potion of brilliance
 s - 2 potions of flight {unknown}
 t - a potion of might
 u - a potion of invisibility
 x - 4 potions of agility
Comestibles
 f - 9 rations


   Skills:
 - Level 1.7 Fighting
 + Level 8.5 Short Blades
 - Level 1.7 Throwing
 - Level 0.7 Dodging
 - Level 4.8 Stealth


You had 7 spell levels left.
You didn't know any spells.
Your spell library was empty.

Dungeon Overview and Level Annotations

Branches:
Dungeon (6/15)             Temple (1/1) D:5

Altars:
Cheibriados
Dithmenos
Fedhas
Gozag
Hepliaklqana
Kikubaaqudgha
Nemelex Xobeh
Okawaru
Qazlal
Ru
Sif Muna
Uskayaw
Wu Jian
Xom
Zin
The Shining One


Innate Abilities, Weirdness & Mutations

You have razor-sharp teeth.
Your natural rate of healing is unusually fast.
When hurt, damage is shared between your health and your magic reserves.
Your bite disrupts and absorbs the magic of your enemies.
Potions cannot restore your health.
You are immune to rotting.


Message History

The orc wizard casts a spell.
The orc wizard blinks!
You hear some strange, mumbled words.
A magic dart appears from out of thin air!
The magic dart hits you. Something hits you but does no damage.
You see here an adder corpse.
Something hits you but does no damage.
A magic dart appears from out of thin air!
The magic dart hits you! Something hits you but does no damage.
You hear some strange, mumbled words.
A puff of flame appears from out of thin air!
The puff of flame hits you!
* * * LOW HITPOINT WARNING * * *
The orc wizard mumbles some strange words.
The orc wizard blinks!
The orc priest calls down the wrath of Beogh upon you.
Beogh smites you!
You die...

########.#####.###
.....o....§......#####
#.........†..........
####..#o#####.#######
#.......# #.# #
####....#####.#### # #.#
#.......##.......#### #.#
#.......##.#.o.......
#.#######...@...##.##o#######
#.##.#.............##.######.
#.#......................oo).
#.##.#................##.###.
#.##.#..........#####........
#.##.#...................###.
#...............###.#.##..)..
####.##.#.#................[.
#.##.#.#...#.###.##.......


You could see an orc priest and an orc wizard.

Vanquished Creatures
  An ogre (D:5)
  A sky beast (D:6)
  A bullfrog (D:4)
  A howler monkey (D:5)
  2 crimson imps (D:5)
  2 hounds
  2 orc priests
  2 bullfrog skeletons
  An iguana (D:3)
  An orc wizard (D:4)
  6 worker ants
  4 gnolls (D:4)
  8 adders
  An adder zombie (D:6)
  An adder skeleton (D:4)
  A worm (D:2)
  A dart slug (D:1)
  3 leopard geckos
  13 orcs
  3 bats
  3 giant cockroaches
  5 goblins
  7 hobgoblins
  6 jackals
  10 kobolds
  A quokka (D:4)
  A ball python (D:2)
  6 frilled lizards
  A leopard gecko skeleton (D:5)
  6 rats
101 creatures vanquished.

Notes
Turn   | Place    | Note
-------+----------+-------------------------------------------
     0 | D:1      | HAL9000 the Vine Stalker Assassin began the quest for the
                  | Orb.
     0 | D:1      | Reached XP level 1. HP: 11/11 MP: 2/2
    30 | D:1      | Reached skill level 2 in Short Blades
   308 | D:1      | Reached XP level 2. HP: 11/15 MP: 3/3
   756 | D:1      | Reached skill level 3 in Short Blades
   925 | D:1      | Reached XP level 3. HP: 18/18 MP: 4/4
  1329 | D:2      | Found a sacrificial altar of Ru.
  1499 | D:2      | Gained mutation: Your natural rate of healing is unusually
                  | fast. [Vine Stalker growth]
  1499 | D:2      | Reached XP level 4. HP: 17/23 MP: 5/5
  1506 | D:2      | Reached skill level 4 in Short Blades
  1901 | D:3      | Found a snail-covered altar of Cheibriados.
  2046 | D:3      | You fall through a shaft for 3 floors!
  2073 | D:6      | Noticed a sky beast
  2080 | D:6      | Killed a sky beast
  2080 | D:6      | Reached skill level 5 in Short Blades
  2080 | D:6      | Reached XP level 5. HP: 26/26 MP: 6/6
  2281 | D:5      | Entered Level 5 of the Dungeon
  2318 | D:5      | Noticed an ogre
  2384 | D:5      | Reached XP level 6. HP: 28/30 MP: 7/7
  2392 | D:5      | Reached skill level 6 in Short Blades
  2539 | D:5      | Reached XP level 7. HP: 30/34 MP: 6/8
  2577 | D:3      | Found an ornate altar of the Wu Jian Council.
  2932 | D:3      | Found an iron altar of Okawaru.
  3270 | D:3      | Reached skill level 7 in Short Blades
  3663 | D:4      | Found a stormy altar of Qazlal.
  3708 | D:4      | Found a blossoming altar of Fedhas.
  3780 | D:4      | Found a shimmering altar of Xom.
  3782 | D:4      | Found a shimmering altar of Xom.
  3791 | D:4      | Found a shimmering altar of Xom.
  3797 | D:4      | Found a shimmering altar of Xom.
  3797 | D:4      | Found a shimmering altar of Xom.
  3797 | D:4      | Found a shimmering altar of Xom.
  3797 | D:4      | Found a shimmering altar of Xom.
  4298 | D:4      | Reached skill level 8 in Short Blades
  4843 | D:5      | Gained mutation: You have razor-sharp teeth. [Vine Stalker
                  | growth]
  4843 | D:5      | Reached XP level 8. HP: 38/38 MP: 9/9
  4946 | D:5      | Found a staircase to the Ecumenical Temple.
  5145 | Temple   | Entered the Ecumenical Temple
  5308 | Temple   | Became a worshipper of Dithmenos the Shadowed
  5771 | D:6      | Killed from afar by an orc priest

Levels and vault maps discovered:
D:1:      scummos_arrival_star, layout_basic
D:2:      layout_loops_ring, nicolae_overflow_hidden_temple, first_ration,
          hangedman_decor_diamond_cutter
D:3:      layout_loops_corners, okawaru_gym_becter, lemuel_crystal_altar,
          old_standard_altar, minivault_5
D:4:      layout_cave_pods, lemuel_crystal_altar, xom_redecorated,
          nicolae_overflow_crystal_walls
D:5:      layout_basic, minmay_temple_entry_poolview
D:6:      layout_basic, evilmike_ruin_ashenzari, kennysheep_little_box,
          lightli_temple_of_fire
Temple:   compressed_dpeg_triangle_lava_temple

Skill      XL: |  1  2  3  4  5  6  7 |
---------------+----------------------+-----
Short Blades   | 2 3 5 6 8 |  8.5
Fighting       | |  1.7
Throwing       | |  1.7
Dodging        | |  0.7
Stealth        | |  4.8

Action                   |  1- 3 |  4- 6 |  7- 9 || total
-------------------------+-------+-------+-------++-------
Melee: Dagger            |    82 |   114 |   192 ||   388
       Bite              |    13 |    35 |    57 ||   105
Throw: Dart              |       |     6 |    11 ||    17
  Use: Scroll            |       |     2 |    15 ||    17
       Potion            |       |     1 |       ||     1
 Stab: Sleeping          |    13 |     1 |     7 ||    21
  Eat: Chunk             |     1 |     4 |    22 ||    27
Armor: Robe              |     9 |    15 |    10 ||    34
       Leather armour    |       |       |    18 ||    18
Dodge: Dodged            |    39 |    56 |    78 ||   173

Table legend:
 A = Non-vault XP
 B = Vault XP
 C = Vault XP percentage of total XP
 D = Non-vault monster count
 E = Vault monster count
 F = Vault count percentage of total count
                 A         B        C        D         E       F
            +---------+---------+-------+---------+---------+-------
      Total |    1336 |       0 |   0.0 |     101 |       0 |   0.0
            +---------+---------+-------+---------+---------+-------
        D:1 |      35 |       0 |   0.0 |      21 |       0 |   0.0
        D:2 |      94 |       0 |   0.0 |      21 |       0 |   0.0
        D:3 |     120 |       0 |   0.0 |      19 |       0 |   0.0
        D:4 |     429 |       0 |   0.0 |      21 |       0 |   0.0
        D:5 |     497 |       0 |   0.0 |      13 |       0 |   0.0
        D:6 |     161 |       0 |   0.0 |       6 |       0 |   0.0
            +---------+---------+-------+---------+---------+-------
